[Event "*** Titled Tuesday Blitz"]
[Site "Chess.com"]
[Date "2021.03.02"]
[Round "9"]
[White "DenLaz"]
[Black "Konavets"]
[Result "1-0"]
[WhiteElo "2860"]
[BlackElo "2939"]
[TimeControl "180+1"]
[EndTime "11:47:30 PST"]
[Termination "DenLaz won by resignation"]

1. d4 Nf6 2. c4 d6 3. Nf3 g6 4. g3 Bg7 5. Bg2 O-O 6. Nc3 Nbd7 7. O-O e5 8. e4 exd4 9. Nxd4 Re8 10. h3 a6 11. Be3 Rb8 12. b3 Nc5 13. Qc2 Bd7 14.
a4 Qc8 15. Kh2 Re5 16. f3 Rh5 17. h4 h6 18. Kg1 g5 19. b4 Ne6 20. Nf5 Bf8 21.
hxg5 hxg5 22. g4 Rh7 23. Qd2 Qd8 24. Bxg5 Nxg5 25. Qxg5+ Kh8 26. Qf4 d5 27. Nxd5 Nxd5 28. exd5 Bxb4 29. Qd4+ f6 30. c5 a5 31. Ng3 Qf8 32.
Ne4 Re8 33. Rac1 Re5 34. f4 Rxe4 35. Bxe4 Rh4 36. Rf2 Rxg4+ 37. Rg2 Rh4 38. d6 cxd6 39. Qxd6 Qh6 40. Qb8+ 1-0

[Event "*** Titled Tuesday Blitz"]
[Site "Chess.com"]
[Date "2021.03.02"]
[Round "9"]
[White "andrewtnb"]
[Black "JoliyRoger"]
[Result "1-0"]
[WhiteElo "2340"]
[BlackElo "2459"]
[TimeControl "180+1"]
[EndTime "11:47:30 PST"]
[Termination "andrewtnb won by checkmate"]

1. d4 Nf6 2. c4 e6 3. Nc3 Bb4 4. e3 c5 5. Ne2 cxd4 6. exd4 d5 7.
a3 Bxc3+ 8. Nxc3 Nc6 9. c5 Ne4 10. Nxe4 dxe4 11. Be3 O-O 12. b4 a6 13. Bc4 Ne7 14.
Qc2 f5 15. Bf4 Qxd4 16. Rd1 Qf6 17. Bd6 Re8 18. O-O Bd7 19. f3 exf3 20. Rxf3 Nd5 21. Re1 Bc6 22. Be5 Qf7 23. Rg3 Nf6 24. Qb2 Kh8 25. Ree3 Rad8 26. h3 Bd5 27. Bxd5 Rxd5 28. Rxg7 Kxg7 29. Rg3+ Kf8 30. Bxf6 Rd1+ 31. Kh2 e5 32.
Bxe5 Qe6 33. Bd6+ Re7 34. Qh8+ Kf7 35. Rg7+ Kf6 36. Rxe7+ Kg5 37. Rxe6 Rd2 38. Qf6+ Kh5 39. Qh6# 1-0

[Event "*** Titled Tuesday Blitz"]
[Site "Chess.com"]
[Date "2021.03.02"]
[Round "9"]
[White "sergeikim"]
[Black "Witik"]
[Result "1-0"]
[WhiteElo "2540"]
[BlackElo "2696"]
[TimeControl "180+1"]
[EndTime "11:47:31 PST"]
[Termination "sergeikim won on time"]

1. d4 Nf6 2. c4 g6 3. Nc3 d5 4. cxd5 Nxd5 5. e4 Nxc3 6. bxc3 Bg7 7. Bc4 c5 8. Ne2 O-O 9. O-O Nc6 10. Be3 b6 11. Qd2 Qc7 12. Rac1 Bb7 13. Bh6 Rad8 14. Bxg7 Kxg7 15. f4 e5 16. Bd5 exd4 17. cxd4 Ne7 18.
Bxb7 Qxb7 19. d5 Kg8 20. f5 gxf5 21. Qg5+ Ng6 22. Rxf5 Rde8 23. Ng3 Qe7 24. Rf6 h6 25. Qf5 Qe5 26. Qf3 Qd4+ 27. Kh1 Ne5 28. Qf5 Ng6 29. Rf1 Qe5 30. Qg4 Qg5 31. Qf3 Ne5 32. Qd1 Kh7 33. R6f5 Qg6 34. Nh5 Kh8 35. Nf6 Rd8 36.
Qd2 Nd7 37. Rh5 1-0

[Event "*** Titled Tuesday Blitz"]
[Site "Chess.com"]
[Date "2021.03.02"]
[Round "9"]
[White "Sergey85Rodchenkov"]
[Black "anon102030"]
[Result "1/2-1/2"]
[WhiteElo "2502"]
[BlackElo "2699"]
[TimeControl "180+1"]
[EndTime "11:47:32 PST"]
[Termination "Game drawn by repetition"]

1. e4 e5 2. Nf3 Nc6 3. Bc4 Bc5 4. d3 Nf6 5. O-O d6 6. c3 Bb6 7. Re1 Be6 8. Bb3 O-O 9. Nbd2 Re8 10. Nc4 Na5 11. Nxa5 Bxa5 12. Bg5 h6 13. Bh4 Bb6 14. d4 Bxb3 15. axb3 g5 16. Bg3 exd4 17. Nxd4 Nxe4 18. Qf3 Nxg3 19. hxg3 Bxd4 20. cxd4 c6 21. d5 c5 22. g4 Rxe1+ 23. Rxe1 Kg7 24. Qf5 Qf6 25. Qd7 Rd8 26. Qxb7 Qxb2 27. Re7 Rf8 28. g3 a5 29. Rd7 Qb1+ 30. Kh2 Qc2 31. Kg1 Qd1+ 32. Kg2 Qxg4 33. Rxd6 h5 34. Qe7 h4 35. Qf6+ Kg8 36. Rd8 hxg3 37. fxg3 Qe2+ 38. Kh3 Qh5+ 39. Kg2 Rxd8 40. Qxd8+ Kg7 41. d6 Qe2+ 42. Kh3 Qf1+ 43. Kh2 Qf2+ 44. Kh3 Qf1+ 45. Kh2 Qe2+ 46. Kh3 Qh5+ 47. Kg2 Qe2+ 48. Kh3 1/2-1/2

[Event "*** Titled Tuesday Blitz"]
[Site "Chess.com"]
[Date "2021.03.02"]
[Round "9"]
[White "zurzan"]
[Black "Alniro4"]
[Result "0-1"]
[WhiteElo "2049"]
[BlackElo "2254"]
[TimeControl "180+1"]
[EndTime "11:47:32 PST"]
[Termination "Alniro4 won by resignation"]

1. f4 c5 2. Nf3 Nf6 3. g3 b6 4. Bg2 Bb7 5. O-O e6 6. d3 d5 7. c3 Nbd7 8. a4 Bd6 9. Na3 O-O 10. Nb5 Bb8 11. b4 a6 12. Na3 e5 13. bxc5 bxc5 14.
e3 Bc6 15. c4 e4 16. dxe4 Nxe4 17. cxd5 Nc3 18. Qc2 Nxd5 19. Bb2 Nb4 20. Qc3 Nf6 21.
Qxc5 Bd6 22. Qf5 Be4 23. Bxf6 Bxf5 24. Bxd8 Rfxd8 25. Nd4 Bd3 26. Rfd1 Rac8 27. Rac1 Bc5 28. Nb3 Bxe3+ 29. Kh1 Bxc1 30. Rxc1 Rxc1+ 31. Nxc1 Bc2 32. Nxc2 Rd1+ 33. Bf1 Rxf1+ 34. Kg2 Rxc1 35. Nxb4 a5 36. Nd5 Rc4 37. Ne7+ Kf8 38. Nd5 Rxa4 39. Nb6 Rb4 40. Nd5 Rd4 41. Nb6 a4 42. Kf2 a3 43. Ke3 Rb4 44. Nd5 Rb3+ 45. Kd2 a2 46. Kc2 Rb5 47. Nc3 Rc5 48. Kb2 Rxc3 49. Kxa2 Rc2+ 0-1

[Event "*** Titled Tuesday Blitz"]
[Site "Chess.com"]
[Date "2021.03.02"]
[Round "9"]
[White "Azeryahu"]
[Black "Rap_woyska"]
[Result "1-0"]
[WhiteElo "2741"]
[BlackElo "2586"]
[TimeControl "180+1"]
[EndTime "11:47:33 PST"]
[Termination "Azeryahu won on time"]

1. d4 Nf6 2. c4 c6 3. Nf3 d5 4. Nc3 a6 5. cxd5 cxd5 6. Bf4 Nc6 7. Ne5 e6 8. e3 Be7 9. Bd3 O-O 10. O-O Nxe5 11.
Bxe5 b5 12. a4 b4 13. Nb1 a5 14. Qe2 Nd7 15. Bg3 Qb6 16. Nd2 Ba6 17. Nb3 Bxd3 18. Qxd3 Rfc8 19. Rfc1 h6 20. h3 Nf6 21. Rxc8+ Rxc8 22. Qb5 Bd8 23. Bh4 Rc2 24. Bxf6 gxf6 25. Qe8+ Kg7 26. Nc5 Bc7 27. Nd3 Bd6 28. g4 Rd2 29.
Ne1 Rxb2 30. Rc1 Bf8 31. Nd3 Rd2 32. Rc8 Qd6 33. Nf4 b3 34. Nh5+ Kg6 35. Nf4+ Kg7 36. Rb8 b2 37. Rb7 Be7 38. Kg2 Qd8 39. Nxe6+ 1-0

[Event "*** Titled Tuesday Blitz"]
[Site "Chess.com"]
[Date "2021.03.02"]
[Round "9"]
[White "publicaccountcze"]
[Black "beto-betun"]
[Result "0-1"]
[WhiteElo "2193"]
[BlackElo "2211"]
[TimeControl "180+1"]
[EndTime "11:47:34 PST"]
[Termination "beto-betun won on time"]

1. d4 Nf6 2. c4 g6 3. Nc3 Bg7 4. e4 d6 5. Bd3 e5 6. d5 O-O 7. Nge2 c6 8. O-O c5 9. Bg5 a6 10. Qd2 Nbd7 11. a3 Qc7 12. a4 b6 13. Rfb1 Bb7 14. b3 Rfe8 15. a5 bxa5 16. Nd1 h5 17. Qxa5 Qxa5 18. Rxa5 Kh7 19. Nec3 Reb8 20. b4 cxb4 21.
Rxb4 Nc5 22. Bc2 Bc8 23. Rxb8 Rxb8 24. Ra1 Rb4 25. Ne3 Ne8 26. Bd8 Bd7 27. Ba5 Rb7 28. Rb1 Rxb1+ 29. Bxb1 Bh6 30. Bb4 Nc7 31. Bc2 Nb7 32.
Na4 Bxe3 33. fxe3 Bxa4 34. Bxa4 a5 35. Ba3 Na6 36. Bc6 Nbc5 37. Bb5 Nb4 38. Kf2 Kg7 39.
Kf3 g5 40. g3 g4+ 41. Ke2 Nxe4 42. Bd7 Nc5 43. Bb5 f5 44. Kd2 Kf6 45. Kc3 Ne4+ 46.
Kb3 f4 47. exf4 exf4 48. gxf4 h4 49. c5 Nxc5+ 0-1

[Event "*** Titled Tuesday Blitz"]
[Site "Chess.com"]
[Date "2021.03.02"]
[Round "9"]
[White "azikom"]
[Black "KruHor"]
[Result "0-1"]
[WhiteElo "2654"]
[BlackElo "2548"]
[TimeControl "180+1"]
[EndTime "11:47:35 PST"]
[Termination "KruHor won on time"]

1. d4 Nf6 2. Nf3 d5 3. Bf4 Bg4 4. e3 e6 5. Nbd2 Bd6 6. h3 Bh5 7. c3 Bxf4 8. exf4 Nbd7 9. Qb3 Rb8 10. Ne5 O-O 11. g4 Bg6 12. Be2 Nxe5 13. fxe5 Nd7 14.
O-O f6 15. exf6 Qxf6 16. f4 c5 17. dxc5 Nxc5 18. Qb4 Rbc8 19. Rae1 Qh4 20. Kh2 Nd3 21. Bxd3 Bxd3 22. Nf3 Qh6 23. Rf2 Rxf4 24. Qd6 Rcf8 25.
Rxe6 Bg6 26. Kg3 R4f7 27. Qe5 Qc1 28. Qe3 Qh1 29. h4 Be4 30. Rxe4 dxe4 31. Qxe4 Rf4 32. Qd5+ Kh8 33. g5 Qb1 34. a3 Qg6 35. Qxb7 Qf5 36. Qc6 Qg4+ 37. Kh2 Rxf3 38. Rxf3 Qxf3 0-1

[Event "*** Titled Tuesday Blitz"]
[Site "Chess.com"]
[Date "2021.03.02"]
[Round "9"]
[White "Oligan22"]
[Black "UmutErdemGunduz"]
[Result "1-0"]
[WhiteElo "2518"]
[BlackElo "2354"]
[TimeControl "180+1"]
[EndTime "11:47:35 PST"]
[Termination "Oligan22 won by resignation"]

1. e4 e5 2. Nf3 Nc6 3. Bb5 a6 4. Ba4 Nf6 5. O-O Be7 6. Re1 b5 7. Bb3 O-O 8. h3 d5 9. exd5 Nxd5 10. Nxe5 Nd4 11. Nf3 Nxb3 12. axb3 c5 13. d4 Bb7 14. Nc3 Nb4 15. Ne4 cxd4 16. Nxd4 Rc8 17. c3 Nd5 18. Nf5 Bf6 19. Ned6 Rc7 20. Nxb7 Rxb7 21. Rxa6 g6 22. Rd6 Rd7 23. Rxd7 Qxd7 24. Ne3 Rd8 25. Nxd5 Qxd5 26. Re8+ Kg7 27. Rxd8 Qxd8 28. Qxd8 Bxd8 29. Kf1 Kf6 30. Ke2 Ke5 31. Kd3 Kd5 32. c4+ Kc6 33. Be3 Bf6 34.
Bd4 Be7 35. Ke4 Bd6 36. g4 Bc7 37. f4 Bd6 38. f5 Be7 39. Ke5 Bf8 40. Kf6 gxf5 41.
gxf5 Bc5 42. Bxc5 Kxc5 43. cxb5 Kxb5 44. Kxf7 Kc5 45. Kg7 Kd5 46. f6 1-0

[Event "*** Titled Tuesday Blitz"]
[Site "Chess.com"]
[Date "2021.03.02"]
[Round "9"]
[White "Kaslask"]
[Black "enriquetejedor"]
[Result "0-1"]
[WhiteElo "2285"]
[BlackElo "2509"]
[TimeControl "180+1"]
[EndTime "11:47:36 PST"]
[Termination "enriquetejedor won on time"]

1. e4 c6 2. d4 g6 3. c3 Bg7 4. Bd3 d5 5. h3 dxe4 6. Bxe4 Nf6 7. Bf3 O-O 8. Ne2 e5 9. dxe5 Qxd1+ 10. Kxd1 Nfd7 11.
e6 Ne5 12. exf7+ Rxf7 13. Nd4 c5 14. Nb5 Nxf3 15. gxf3 Nc6 16. Be3 a6 17. N5a3 Bf5 18.
Nc4 b5 19. Ncd2 c4 20. Na3 Rd8 21. Ke1 Ne5 22. Kf1 Rfd7 23. Bd4 Nd3 24. Nc2 Nxb2 25.
Rb1 Bxc2 26. Rxb2 Bd3+ 27. Kg2 Bxd4 28. cxd4 c3 29. Rb3 cxd2 30. Rxd3 Rxd4 31. Rxd4 Rxd4 32. Rd1 a5 33. Kf1 b4 34. Ke2 Kf7 35. Rxd2 Rxd2+ 36. Kxd2 Ke6 37. Kc2 Kd5 38. Kb3 Kc5 39. Ka4 Kb6 40.
f4 h6 41. h4 h5 42. f3 Ka6 43. a3 bxa3 44. Kxa3 Kb5 45. Kb3 Kc5 46. Ka4 Kd4 47. Kxa5 Ke3 0-1

[Event "*** Titled Tuesday Blitz"]
[Site "Chess.com"]
[Date "2021.03.02"]
[Round "9"]
[White "GLeruste"]
[Black "muchojogo"]
[Result "1-0"]
[WhiteElo "2491"]
[BlackElo "2364"]
[TimeControl "180+1"]
[EndTime "11:47:38 PST"]
[Termination "GLeruste won by resignation"]

1. d4 Nf6 2. Nc3 e6 3. e4 d5 4.
e5 Nfd7 5. Qg4 c5 6. Nf3 Nc6 7. Nb5 cxd4 8. Bf4 a6 9. Nbxd4 Qc7 10. Qg3 b5 11. Bd3 Nc5 12. O-O Bd7 13. Rfe1 Nxd3 14. cxd3 Nxd4 15. Nxd4 Bc5 16. Rac1 Qa7 17. Nb3 Bf8 18. Be3 Qb8 19. Bc5 Bxc5 20. Nxc5 Rg8 21. d4 Qb6 22. Qh4 h6 23. b4 Rc8 24. Rc3 Rc6 25. Rec1 Bc8 26. h3 a5 27. a3 a4 28. Ne4 Rxc3 29. Rxc3 Bb7 30. Nd6+ Kd7 31. Qf4 Rf8 32. Rc5 Bc6 33. Qg3 g5 34. Qf3 Qd8 35.
Qd3 Qb6 36. Qc2 Rb8 37. Qh7 Rf8 38. Qxh6 Qd8 39. Qg7 Qe7 40. Qh7 Ba8 41. Qc2 Qd8 42. Nxb5 Qb6 43. Rc7+ Ke8 44. Nd6+ Kd8 45. Rc8+ Ke7 46.
Rc7+ Kd8 47. Rxf7 Rxf7 48. Nxf7+ Ke7 49. Nd6 Bc6 50. Nc8+ 1-0

[Event "*** Titled Tuesday Blitz"]
[Site "Chess.com"]
[Date "2021.03.02"]
[Round "9"]
[White "AlexeiShirov"]
[Black "FLamps8"]
[Result "1-0"]
[WhiteElo "2824"]
[BlackElo "2661"]
[TimeControl "180+1"]
[EndTime "11:47:39 PST"]
[Termination "AlexeiShirov won on time"]

1. e4 c6 2. d4 d5 3. e5 Bf5 4.
Nf3 e6 5. Be2 Nd7 6. O-O Ne7 7.
Nh4 Bg6 8. Nd2 Nf5 9. Nxg6 hxg6 10. Nf3 Be7 11. g3 c5 12. c3 Qb6 13. Kg2 O-O 14. h4 Rac8 15. Rh1 cxd4 16. cxd4 Nb8 17. g4 Nh6 18. Ne1 Nc6 19. Be3 Qxb2 20. h5 g5 21.
Rb1 Qxa2 22. Rxb7 Rb8 23. Rxe7 Nxe7 24. Bxg5 Rb2 25. Bxe7 Rxe2 26. Bxf8 Rxf2+ 27. Kg3 Kxf8 28. Qc1 Kg8 29. Rg1 Qe2 30. Qg5 Rh2 31. Ng2 Rxg2+ 32.
Rxg2 Qd3+ 33. Kh2 Qxd4 34. Kh3 Qd3+ 35. Rg3 Qf1+ 36. Kh2 Qe2+ 37. Rg2 Qe4 38. Qh4 Qxe5+ 39. Kh3 Qe3+ 40. Qg3 Qe4 41. Qb8+ Kh7 42. Qg3 d4 43.
Rf2 d3 44. Qf3 1-0

[Event "*** Titled Tuesday Blitz"]
[Site "Chess.com"]
[Date "2021.03.02"]
[Round "9"]
[White "WPWPWP-2015"]
[Black "Piacramling"]
[Result "1-0"]
[WhiteElo "2478"]
[BlackElo "2335"]
[TimeControl "180+1"]
[EndTime "11:47:40 PST"]
[Termination "WPWPWP-2015 won on time"]

1. e4 c5 2. Nc3 Nc6 3. Nf3 e6 4. Bb5 Nd4 5. O-O Ne7 6. a4 a6 7.
Bc4 Nec6 8. Nxd4 cxd4 9. Ne2 Bc5 10. d3 O-O 11. f4 d5 12. exd5 exd5 13. Bb3 Re8 14. Ng3 Qd6 15. f5 Ne5 16. Bf4 f6 17.
h3 Bd7 18. Qh5 Bc6 19. Rae1 Bb6 20. Kh1 Bc7 21. Qh4 Qd7 22. Nh5 Qf7 23. Re2 Bd6 24. Rfe1 Rad8 25. Bh6 Bf8 26. Bf4 Bd6 27. Bh6 Bf8 28.
Bd2 Kh8 29. Nf4 Bd6 30. Ne6 Rxe6 31. fxe6 Qxe6 32. Qxd4 Qf7 33. Bf4 Rc8 34. Qf2 h6 35. d4 Nc4 36. Bxd6 Nxd6 37. Re7 Qg6 38. Qf3 Ne4 39.
c3 Qg5 40. Qe3 Qg6 41. Kh2 a5 42. Bc2 Qh5 43. Bxe4 dxe4 44. c4 1-0

[Event "*** Titled Tuesday Blitz"]
[Site "Chess.com"]
[Date "2021.03.02"]
[Round "9"]
[White "TST2014"]
[Black "mbachez"]
[Result "1-0"]
[WhiteElo "2635"]
[BlackElo "2483"]
[TimeControl "180+1"]
[EndTime "11:47:41 PST"]
[Termination "TST2014 won by resignation"]

1. d4 Nf6 2. c4 g6 3. Nc3 Bg7 4. e4 d6 5. Nf3 O-O 6. Be2 e5 7. O-O Bg4 8. d5 Bxf3 9. Bxf3 a5 10. Be3 Na6 11. a3 Nd7 12. Qb1 f5 13. b4 Qh4 14. Rd1 f4 15. Bd2 g5 16. g3 Qh6 17.
Bg4 Nf6 18. Be6+ Kh8 19. f3 fxg3 20. hxg3 Nh5 21. Kg2 axb4 22. axb4 c5 23. b5 Nb4 24. Rxa8 Rxa8 25. Rh1 Qg6 26. Bf5 Qe8 27. Bxg5 Ra3 28. Qb2 Ra8 29. g4 Nd3 30. Qd2 Nhf4+ 31. Kg3 h5 32.
gxh5 Qg8 33. Bg4 Rf8 34. h6 Bf6 35. Bxf6+ Rxf6 36. Qh2 Rg6 37. Qh4 Qf8 38. h7 Ne2+ 39. Nxe2 Rf6 40. Qg5 Rf7 41. Qg8+ Qxg8 42. hxg8=Q+ Kxg8 43. Be6 Kg7 44. Bxf7 Nf4 45. Nxf4 exf4+ 46. Kxf4 Kf6 47.
Rh7 Ke7 48. Be6+ Kd8 49. Rxb7 Ke8 50. Rd7 Kf8 51. b6 1-0

[Event "*** Titled Tuesday Blitz"]
[Site "Chess.com"]
[Date "2021.03.02"]
[Round "9"]
[White "GM_Crest"]
[Black "KuzubovYuriy"]
[Result "0-1"]
[WhiteElo "2783"]
[BlackElo "2923"]
[TimeControl "180+1"]
[EndTime "11:47:42 PST"]
[Termination "KuzubovYuriy won on time"]

1. d4 Nf6 2. c4 e6 3. Nc3 Bb4 4. Qc2 O-O 5. a3 Bxc3+ 6. Qxc3 d6 7. f3 c5 8. dxc5 dxc5 9. e3 Nc6 10. Bd3 e5 11. Bc2 e4 12. f4 Ng4 13. g3 Nd4 14. Bd1 a5 15. h3 Nh6 16. b3 Nhf5 17. Kf2 g5 18. Ne2 Nxe2 19. Bxe2 gxf4 20. exf4 Qd4+ 21.
Qxd4 cxd4 22. g4 Ne7 23. Bb2 Rd8 24. Rhd1 d3 25. Bf1 f5 26. g5 Be6 27. a4 Nc6 28. h4 Nb4 29. Rd2 Nc2 30. Rxc2 dxc2 31. Be2 Rd2 32.
Ke3 Rad8 33. Rc1 Bf7 34. Bf6 R8d7 35. Be5 Bg6 36. Bf6 Kf7 37. Be5 Rxe2+ 38. Kxe2 Bh5+ 39.
Ke3 Rd3+ 40. Kf2 e3+ 41. Kg2 e2 42. Kf2 Rd1 43. Rxc2 e1=Q+ 0-1

[Event "*** Titled Tuesday Blitz"]
[Site "Chess.com"]
[Date "2021.03.02"]
[Round "9"]
[White "Grimlock_Glasgow"]
[Black "jacky72"]
[Result "1/2-1/2"]
[WhiteElo "2497"]
[BlackElo "2695"]
[TimeControl "180+1"]
[EndTime "11:47:42 PST"]
[Termination "Game drawn by repetition"]

1. e4 e5 2. Nf3 Nc6 3. Bc4 Bc5 4. c3 Nf6 5. d4 exd4 6. e5 d5 7. Bb5 Ne4 8. cxd4 Bb6 9. Nc3 O-O 10. Be3 Bg4 11.
h3 Bh5 12. Qc2 Bg6 13. Qb3 Na5 14. Qxd5 Qe7 15. Qd7 Qb4 16. O-O Rfd8 17. Nd5 Qxb2 18. Ne7+ Kf8 19. Nxg6+ hxg6 20. Qg4 Qxb5 21. Qxe4 Nc4 22.
Bg5 Rd7 23. Qh4 Kg8 24. Bf4 f6 25. exf6 Qh5 26. Qxh5 gxh5 27. Rac1 Nb2 28. Ne5 Rxd4 29. Be3 Rd5 30. Bxb6 Rxe5 31. Bd4 Re2 32. Bxb2 Rxb2 33.
Rxc7 gxf6 34. Rd1 b5 35. Rdd7 Rxa2 36. Rg7+ Kh8 37. Rh7+ Kg8 38. Rxh5 b4 39. Rb5 a5 40. h4 Rb2 41. h5 a4 42. h6 a3 43. Rbb7 a2 44. Rg7+ Kf8 45. Rgf7+ Kg8 46. Rg7+ Kf8 47. Rgf7+ Kg8 48. Rg7+ 1/2-1/2

[Event "*** Titled Tuesday Blitz"]
[Site "Chess.com"]
[Date "2021.03.02"]
[Round "9"]
[White "eldur16"]
[Black "MITerryble"]
[Result "1-0"]
[WhiteElo "2566"]
[BlackElo "2887"]
[TimeControl "180+1"]
[EndTime "11:47:42 PST"]
[Termination "eldur16 won on time"]

1. Nf3 Nf6 2. g3 d5 3. Bg2 c6 4. O-O Bg4 5. b3 Nbd7 6. Bb2 e6 7. d3 Bd6 8. Nbd2 Qe7 9. a3 O-O 10. c4 e5 11. h3 Bh5 12. Qc2 Rfe8 13. e4 dxe4 14.
dxe4 a5 15. Nh4 Bc5 16. Kh2 Nf8 17. Nf5 Qc7 18. Bc3 Qb6 19. b4 axb4 20. axb4 Bxb4 21. Qb2 Rxa1 22. Rxa1 Bc5 23. Bxe5 Qxb2 24. Bxb2 Bxf2 25. g4 Bg6 26. Nxg7 Kxg7 27. g5 Nd7 28. gxf6+ Kg8 29.
Bc3 Be3 30. Rb1 b6 31. Re1 Bf4+ 32. Kg1 Ne5 33. Rf1 Be3+ 34. Kh2 c5 35. Re1 Bf4+ 36. Kg1 Nd3 37. Rb1 Nb4 38. Nf1 Bd6 39. Nd2 Bf8 40.
Kf1 Rd8 41. Rb2 1-0

[Event "*** Titled Tuesday Blitz"]
[Site "Chess.com"]
[Date "2021.03.02"]
[Round "9"]
[White "HajiyevKanan"]
[Black "Mikhail_Golubev"]
[Result "0-1"]
[WhiteElo "2423"]
[BlackElo "2585"]
[TimeControl "180+1"]
[EndTime "11:47:43 PST"]
[Termination "Mikhail_Golubev won by resignation"]

1. d4 Nf6 2. c4 g6 3. Nf3 Bg7 4. g3 O-O 5. Bg2 d6 6. O-O Nc6 7. b3 e5 8. dxe5 dxe5 9. Bb2 Be6 10. Nxe5 Qxd1 11. Rxd1 Ng4 12. Nxc6 Bxb2 13. Ne7+ Kg7 14. Nd2 Bxa1 15. Rxa1 c6 16. Nxc6 bxc6 17. Bxc6 Rad8 18.
Nf3 Rd6 19. Bb7 Rfd8 20. h3 Rd1+ 21. Rxd1 Rxd1+ 22. Kg2 Nh6 23. g4 Ng8 24. Ne5 Ne7 25. Kf3 f6 26. Nd3 Bd7 27. Ke3 Bc6 28. Ba6 Ra1 29.
a4 Rb1 30. Nc5 Kf7 31. Kd4 g5 32. a5 Bg2 33. Nd3 Rxb3 34. f3 Bxh3 35. c5 Nc6+ 36.
Ke3 Nxa5 37. Kf2 h5 38. gxh5 Bf5 39. e4 Be6 40. Ke3 Nc4+ 41. Kd4 Na5 42. h6 Nc6+ 43. Ke3 Ne5 44. h7 Kg7 45. Kd4 Nxd3 46. h8=Q+ Kxh8 47. Bxd3 Kg7 48. c6 Kf8 49. Bc2 Rb4+ 50. Kd3 Rc4 51. c7 0-1

[Event "*** Titled Tuesday Blitz"]
[Site "Chess.com"]
[Date "2021.03.02"]
[Round "9"]
[White "ural58"]
[Black "MaxLeto"]
[Result "1-0"]
[WhiteElo "2547"]
[BlackElo "2421"]
[TimeControl "180+1"]
[EndTime "11:47:44 PST"]
[Termination "ural58 won by checkmate"]

1. e4 c5 2. b3 Nc6 3. Bb2 d6 4. Bb5 e5 5. Ne2 g6 6. f4 Bg7 7. fxe5 Qh4+ 8. g3 Qxe4 9. O-O Bh3 10. Rf2 dxe5 11. Nbc3 Qg4 12. Nd5 Qd7 13. Nef4 Bg4 14. Qe1 Nge7 15. Nxe7 Qxe7 16. Nd5 Qd6 17. Ne3 Be6 18.
Bxc6+ Qxc6 19. Nc4 f6 20. Nxe5 fxe5 21. Bxe5 Bxe5 22.
Qxe5 O-O-O 23. Re1 Bf5 24. d3 Rhe8 25. Rxf5 Rxe5 26.
Rfxe5 Rf8 27. R1e3 Qf6 28. Re8+ Rxe8 29. Rxe8+ Kd7 30. Re2 Qf3 31. Rd2 Qe3+ 32. Rf2 g5 33. Kg2 g4 34. a4 Ke7 35. Kf1 h5 36. Re2 Qe6 37. Rxe6+ Kxe6 38. Ke2 Ke5 39. Ke3 a6 40. c3 b6 41. d4+ cxd4+ 42. cxd4+ Kd5 43. Kd3 a5 44. Ke3 Kc6 45. Ke4 Kd6 46. d5 Kc5 47. Ke5 Kb4 48. d6 Kxb3 49. d7 Kxa4 50. d8=Q b5 51.
Kd4 b4 52. Kc4 Ka3 53. Qxa5+ Kb2 54. Qxb4+ Ka1 55. Kc3 h4 56. Qb2# 1-0

[Event "*** Titled Tuesday Blitz"]
[Site "Chess.com"]
[Date "2021.03.02"]
[Round "9"]
[White "frenchpin"]
[Black "Alex-11211"]
[Result "0-1"]
[WhiteElo "2487"]
[BlackElo "2399"]
[TimeControl "180+1"]
[EndTime "11:47:45 PST"]
[Termination "Alex-11211 won on time"]

1. e4 g6 2. d4 Bg7 3. Nc3 c5 4. dxc5 Qa5 5. Nf3 Qxc5 6. Bd3 Nf6 7. O-O d6 8. Be3 Qa5 9. Qd2 O-O 10. Nd5 Qd8 11.
Nxf6+ Bxf6 12. Bd4 Bxd4 13. Nxd4 Nc6 14. Nb3 a5 15. a4 Be6 16. Ra3 Qb6 17. Bb5 Rfc8 18. Re1 Ne5 19. Nd4 Bc4 20. Rc3 Bxb5 21. Nxb5 Rxc3 22. Qxc3 Qc6 23. Qxc6 bxc6 24. Nd4 Ra6 25. f4 Nd7 26. Re3 Nc5 27. b3 Kf8 28. Kf2 Rb6 29. Kf3 Ke8 30. Ne2 Kd7 31. Rc3 f6 32.
g4 Rb4 33. Ng3 e5 34. fxe5 fxe5 35. h4 Ne6 36. Ne2 Nd4+ 37. Nxd4 Rxd4 38. Rd3 Rxd3+ 39.
cxd3 Ke6 40. g5 d5 41. Ke3 d4+ 42. Kf3 Kd6 43. Ke2 Kc5 44. Kd2 Kb4 0-1

[Event "*** Titled Tuesday Blitz"]
[Site "Chess.com"]
[Date "2021.03.02"]
[Round "9"]
[White "GMJustin"]
[Black "Blitzking642"]
[Result "1/2-1/2"]
[WhiteElo "2248"]
[BlackElo "2365"]
[TimeControl "180+1"]
[EndTime "11:47:47 PST"]
[Termination "Game drawn by repetition"]

1. d4 Nf6 2. c4 c5 3. Nf3 g6 4. d5 b5 5. cxb5 a6 6. bxa6 Bg7 7. g3 O-O 8. Bg2 d6 9. O-O Nbd7 10. Nc3 Nb6 11. Re1 Bxa6 12. Rb1 Bb7 13. e4 Nfd7 14. Qc2 Nc4 15. b3 Na3 16. Bxa3 Rxa3 17. Nb5 Ra8 18. a4 Qa5 19. Nd2 Ba6 20. Nc4 Qd8 21. f4 Rb8 22. e5 dxe5 23. fxe5 Bxb5 24. axb5 Rxb5 25. d6 exd6 26. exd6 Bd4+ 27. Kh1 Nb6 28. Bc6 Nxc4 29. bxc4 Rxb1 30. Rxb1 Qxd6 31. Bd5 Rb8 32. Rf1 Rf8 33. Qe4 Qe5 34. Qxe5 Bxe5 35. Re1 Bd4 36. Re7 Kg7 37. Rc7 Kf6 38. Kg2 h5 39. h3 g5 40.
Kf3 Ke5 41. g4 hxg4+ 42. hxg4 f5 43. Rf7 Rxf7 44. Bxf7 fxg4+ 45. Kxg4 Be3 46. Bd5 Bf4 47.
Bg8 Kd4 48. Bd5 Ke5 49. Bf7 Kd4 50. Bg8 Ke5 51. Bf7 Kd4 52. Bg8 Ke5 53. Bf7 1/2-1/2

[Event "*** Titled Tuesday Blitz"]
[Site "Chess.com"]
[Date "2021.03.02"]
[Round "9"]
[White "zajka-molotok"]
[Black "GregShahade"]
[Result "0-1"]
[WhiteElo "2484"]
[BlackElo "2642"]
[TimeControl "180+1"]
[EndTime "11:47:48 PST"]
[Termination "GregShahade won on time"]

1. d4 Nf6 2. Bf4 g6 3. Nc3 d5 4. e3 Bg7 5. h4 c6 6. Be2 h5 7. Nf3 a5 8. Ne5 Nbd7 9. f3 Nxe5 10. Bxe5 Kf8 11. Qd3 b5 12. a3 Ba6 13. b4 Nd7 14.
Bxg7+ Kxg7 15. e4 Nb6 16. O-O Nc4 17. e5 e6 18. g3 g5 19. hxg5 Qxg5 20. Kf2 h4 21. f4 hxg3+ 22. Qxg3 Qxg3+ 23. Kxg3 Ne3 24. Rfc1 Rag8 25. Kf2 Nf5 26. Rg1+ Kf8 27. Rxg8+ Kxg8 28. Rg1+ Kf8 29. Rd1 Rh2+ 30. Ke1 Rh4 31. bxa5 Rxf4 32. a4 Nxd4 33. axb5 cxb5 34. Bd3 Nf3+ 35. Ke2 Nxe5 36. Bxb5 Bxb5+ 37. Nxb5 Ra4 38. Ke3 Rxa5 39. Rb1 Nc4+ 40. Kd4 Ke7 41. c3 f6 42. Rb4 Ne5 43. Rb3 Ra4+ 44.
Ke3 Rc4 45. Nd4 Rc7 46. Kd2 Nc4+ 47. Kd3 e5 48. Nf5+ Ke6 49. Ng3 Rg7 50. Ne2 Rh7 51.
Rb8 Rh3+ 52. Kc2 Rh2 53. Kd3 e4+ 54. Kd4 Rxe2 55. Re8+ Kf5 0-1

[Event "*** Titled Tuesday Blitz"]
[Site "Chess.com"]
[Date "2021.03.02"]
[Round "9"]
[White "Aradhya2000"]
[Black "Aygehovit1992"]
[Result "0-1"]
[WhiteElo "2516"]
[BlackElo "2634"]
[TimeControl "180+1"]
[EndTime "11:47:48 PST"]
[Termination "Aygehovit1992 won by checkmate"]

1. d4 Nf6 2. c4 g6 3. g3 Bg7 4. Bg2 O-O 5. Nf3 c6 6. O-O d5 7. Qa4 dxc4 8. Qxc4 Be6 9. Qc2 Na6 10. a3 Rc8 11. b4 Bf5 12. Qd1 Ne4 13. Ne5 c5 14. bxc5 Naxc5 15. Be3 Bxe5 16. dxe5 Qxd1 17. Rxd1 Nb3 18.
Ra2 Rfd8 19. Re1 Nec5 20. Nd2 b6 21. h3 Be6 22. Rb2 Nxd2 23. Rxd2 Rxd2 24. Bxd2 Nb3 25. Bb4 Kf8 26. Rb1 a5 27. Be1 Rc1 28. Rxc1 Nxc1 29. e4 Ke8 30. f4 Kd7 31. Bd2 Nb3 32. Bc3 b5 33. Kf2 Kc6 34. f5 Bc4 35. Ke3 Kc5 36. g4 b4 37. axb4+ axb4 38. Be1 Na1 39. Kf4 Nc2 40. Bd2 Kd4 41. Kg5 b3 42. Bc1 Kc3 43. Kh6 Ne1 44. Kxh7 Nxg2 45. fxg6 fxg6 46. Kxg6 Nf4+ 47. Kf5 Ne2 48. Ba3 Kc2 49. g5 Nd4+ 50.
Kf4 Nb5 51. Bxe7 b2 52. g6 b1=Q 53. g7 Bg8 54. Kg5 Qf1 55. Bf8 Nd4 56. h4 Ne6+ 57. Kg6 Qf7+ 58. Kh6 Nf4 59. Kg5 Ne6+ 60. Kh6 Nxf8 61. e6 Nxe6 62. e5 Qxg7+ 63. Kh5 Bf7# 0-1